Map: [ESL] Waterfall

Players

Spirit

  • Race: Terran Terran
  • Spawn Location: 7:00

Elazer - Winner!

  • Race: Zerg Zerg
  • Spawn Location: 1:00

Event: DreamHack SC2 Masters 2022 Atlanta (Online)

VOD

Have the link to the VOD?

Description

Time

  • Played on: Oct. 8, 2022, 12:15 p.m.
  • Length: 10:57

All games in this series

Show
View Real Time Build Order
Export as new Build Order

Spirit Terran 

Build Orders: Command Center First (CC), Hellion Opening 

Get SALT Encoding   

  12  0:00  SCV  
  13  0:12  SCV  
  14  0:17  Supply Depot  
  14  0:24  SCV  
  15  0:39  SCV  
  16  0:51  SCV  
  17  0:59  Command Center  
  17  1:03  SCV  
  18  1:13  Barracks  
  18  1:16  SCV  
  19  1:22  Refinery  
  19  1:28  SCV  
  19  1:30  Refinery  
  20  1:40  SCV  
  21  1:52  SCV  
  22  2:00  Marine  
  23  2:05  Orbital Command  
  23  2:11  Factory  
  23  2:13  Orbital Command  
  23  2:21  Barracks Reactor  
  23  2:25  Supply Depot  
  23  2:31  SCV  
  24  2:40  SCV  
  24  2:43  SCV  
  26  2:53  SCV  
  26  2:55  SCV, Starport  
  28  3:01  Hellion x2  
  28  3:05  SCV  
  33  3:07  Supply Depot, SCV  
  33  3:12  Barracks Tech Lab  
  34  3:17  SCV  
  35  3:20  SCV  
  35  3:23  Hellion x2  
  40  3:29  SCV  
  40  3:30  Stimpack  
  40  3:31  Marine  
  40  3:32  SCV  
  40  3:33  Starport Tech Lab  
  43  3:39  Barracks  
  43  3:40  Barracks  
  44  3:44  SCV  
  44  3:46  Hellion  
  44  3:48  Hellion  
  48  3:51  SCV  
  49  3:56  Refinery, SCV  
  50  4:04  SCV  
  50  4:08  SCV  
  52  4:16  SCV  
  53  4:19  Barracks  
  53  4:20  Supply Depot, SCV  
  53  4:21  Engineering Bay  
  53  4:24  Barracks  
  54  4:28  Starport Reactor  
  54  4:30  Barracks Reactor  
  54  4:32  Barracks Reactor  
  54  4:42  SCV x2, Siege Tank  
  54  4:45  Supply Depot  
  59  4:47  Marine  
  59  4:48  Supply Depot, Terran Infantry Weapons Level 1  
  60  4:54  SCV x2  
  62  5:06  Marine  
  62  5:07  Supply Depot, Marine x3  
  63  5:08  Marine  
  63  5:09  Marine x2  
  63  5:11  Supply Depot, Starport Reactor  
  63  5:12  Combat Shield  
  63  5:14  Siege Tank  
  72  5:17  Marine  
  72  5:18  Marine  
  74  5:24  Marine x3  
  74  5:25  Marine  
  74  5:28  Marine x2  
  80  5:32  Supply Depot, Marine  
  80  5:34  Supply Depot  
  80  5:35  Supply Depot, Marine x2  
  81  5:41  Marine  
  81  5:42  Marine x2  
  84  5:46  Siege Tank, Marine  
  84  5:47  Marine  
  84  5:49  Medivac  
  93  5:52  Marine  
  93  5:53  Medivac  
  93  5:56  Supply Depot  
  96  5:57  Marine  
  96  5:58  Marine  
  96  6:01  Marine  
  96  6:02  Marine  
  101  6:05  Marine  
  101  6:08  Marine x2  
  101  6:09  Supply Depot, Marine  
  104  6:12  Marine  
  104  6:15  Supply Depot  
  104  6:17  Marine  
  106  6:18  Marine  
  106  6:21  Marine  
  106  6:22  Marine  
  106  6:25  Marine  
  108  6:28  Siege Tank  
  108  6:32  Marine  
  113  6:34  Marine  
  113  6:36  Marine x2  
  113  6:37  Marine  
  113  6:38  Marine  
  118  6:41  Medivac  
  118  6:47  Medivac, Marine x2  
  119  6:49  Marine  
  119  6:51  Marine  
  120  7:00  Marine x3  
  120  7:01  Marine  
  110  7:05  Siege Tank  
  110  7:08  Marine  
  98  7:11  Marine  
  98  7:20  Marine  
  99  7:23  Marine  
  99  7:26  Marine  
  99  7:34  Marine x3  
  98  7:39  Marine  
  98  7:41  Supply Depot  
  98  7:42  Supply Depot, Marine  
  99  7:48  Marine  
  99  7:49  Marine  
  101  7:51  Marine  
  101  7:54  Marine  
  101  7:56  Marine  
  104  7:59  Marine  
  104  8:00  Siege Tank  
  104  8:02  Marine  
  104  8:04  Marine  
  108  8:08  Marine  
  108  8:10  Marine  
  108  8:12  Marine  
  108  8:16  Medivac x2  
  108  8:25  Marine x6  
  86  8:27  Marine  
  86  8:28  Marine  
  86  8:31  Marine  
  88  8:41  Siege Tank  
  88  8:43  Marine x5  
  88  8:45  Marine  
  88  8:47  Marine  
  98  8:54  Marine  
  98  8:55  Marine  
  100  9:01  Marine x3  
  103  9:03  Marine x2  
  103  9:06  Marine x2  
  107  9:12  Marine  
  107  9:13  Siege Tank  
  107  9:14  Marine  
  110  9:19  Marine x2  
  110  9:21  Marine  
  110  9:23  Marine  
  114  9:26  Marine x3  
  114  9:30  Marine  
  118  9:31  Marine  
  118  9:37  Marine x2  
  116  9:39  Marine  
  116  9:40  Marine  
  116  9:43  Marine x3  
  105  9:48  Marine  
  105  9:49  Marine  
  105  9:51  Siege Tank  
  109  9:54  Marine x2  
  109  9:56  Marine  
  112  10:00  Marine  
  112  10:01  Marine x2  
  112  10:02  Marine  
  115  10:07  Marine x2  
  115  10:12  Marine x2  
  119  10:19  Marine x2  
  121  10:23  Siege Tank  
  121  10:26  Marine x3  
  127  10:35  Marine  
Show
View Real Time Build Order
Export as new Build Order

Elazer Zerg - Winner!

Build Orders: Hatch First 

Get SALT Encoding   

  12  0:00  Drone  
  13  0:12  Overlord  
  13  0:17  Drone  
  14  0:30  Drone x2  
  16  0:48  Hatchery  
  15  0:51  Drone  
  15  0:55  Drone  
  17  0:58  Drone  
  18  1:09  Extractor  
  17  1:13  Spawning Pool  
  17  1:17  Drone  
  17  1:20  Drone  
  18  1:28  Drone  
  19  1:38  Drone  
  20  1:49  Drone  
  21  2:01  Queen x2  
  21  2:02  Drone  
  21  2:03  Drone  
  27  2:11  Drone  
  27  2:12  Metabolic Boost, Overlord  
  28  2:27  Hatchery  
  28  2:30  Drone  
  28  2:31  Drone  
  28  2:34  Drone  
  28  2:36  Drone  
  31  2:42  Queen  
  33  2:47  Overlord  
  33  2:49  Drone  
  34  2:54  Drone x2  
  36  3:04  Overlord  
  36  3:09  Drone x4  
  36  3:12  Queen  
  42  3:18  Queen  
  44  3:23  Drone  
  44  3:25  Zergling x4  
  47  3:32  Zergling x2  
  48  3:38  Overlord  
  48  3:40  Queen  
  50  3:42  Drone  
  50  3:43  Drone x4  
  55  3:50  Queen  
  55  3:51  Overlord  
  55  3:52  Drone  
  58  4:00  Zergling x4  
  58  4:01  Zergling x2  
  61  4:04  Drone x3  
  61  4:09  Drone  
  65  4:14  Drone x3  
  67  4:17  Queen, Overlord  
  67  4:19  Queen  
  67  4:21  Zergling x4  
  73  4:24  Overlord  
  73  4:32  Lair  
  73  4:37  Drone x6  
  79  4:40  Baneling Nest  
  79  4:41  Overlord  
  79  4:45  Drone  
  79  4:48  Extractor  
  79  4:51  Drone x5  
  83  4:55  Spore Crawler  
  83  4:59  Spore Crawler, Hatchery  
  80  5:05  Zergling x4  
  80  5:06  Zergling x4  
  87  5:07  Drone x4  
  87  5:09  Drone  
  87  5:13  Extractor  
  88  5:16  Overlord  
  88  5:23  Zergling x8  
  92  5:28  Extractor  
  92  5:30  Centrifugal Hooks, Drone, Evolution Chamber  
  92  5:31  Drone x2  
  92  5:32  Evolution Chamber  
  92  5:33  Drone x4  
  92  5:34  Overlord  
  96  5:42  Zergling x6  
  99  5:47  Baneling x4  
  98  5:50  Overlord  
  98  5:51  Zergling x6  
  98  5:52  Zergling x2  
  102  5:59  Zergling x10  
  107  6:07  Zergling x8  
  107  6:08  Baneling  
  107  6:10  Hatchery  
  110  6:11  Baneling x11  
  110  6:12  Baneling  
  110  6:15  Zergling x2  
  110  6:16  Zergling x10  
  116  6:22  Zergling x8  
  116  6:25  Queen x2  
  120  6:29  Zergling x6  
  127  6:37  Baneling  
  127  6:38  Baneling x10, Overlord  
  127  6:40  Overlord  
  126  6:49  Baneling x5  
  122  6:59  Zergling x26  
  127  7:05  Zergling x6  
  117  7:10  Zergling x8  
  113  7:15  Zergling x2  
  113  7:17  Zerg Ground Armor Level 1, Zerg Melee Weapons Level 1  
  113  7:22  Zergling x4  
  116  7:27  Zergling x6  
  115  7:36  Zergling x2  
  115  7:37  Zergling x4  
  109  7:46  Zergling x18  
  109  7:47  Baneling x10  
  118  7:52  Zergling x2  
  118  7:56  Zergling x6  
  122  8:03  Zergling x2  
  123  8:08  Zergling x6  
  123  8:11  Zergling x2  
  125  8:13  Zergling x6  
  126  8:23  Zergling x10  
  126  8:24  Zergling x10  
  111  8:28  Zergling x2  
  111  8:29  Queen x4  
  111  8:34  Hatchery  
  119  8:35  Zergling x6  
  119  8:38  Zergling x2  
  119  8:40  Baneling x7  
  122  8:46  Overlord x3  
  122  8:49  Baneling x8  
  122  9:04  Zergling x16  
  122  9:05  Zergling x8, Burrow  
  122  9:06  Baneling x5  
  134  9:11  Zergling x4  
  136  9:18  Zergling x14  
  136  9:22  Overlord x2  
  136  9:23  Overlord  
  135  9:40  Zergling x10  
  135  9:45  Zergling x12  
  130  9:46  Zergling x2  
  130  9:47  Zergling x10  
  130  9:48  Queen  
  130  9:52  Zergling x10  
  141  9:58  Zergling x8  
  145  10:03  Zergling x2  
  145  10:05  Baneling x11  
  145  10:06  Baneling x3  
  146  10:10  Zergling x8  
  150  10:15  Zergling x10  
  155  10:24  Zergling x16  
  163  10:29  Overlord  
  163  10:35  Drone x4  
  166  10:41  Drone x6  
Tags
 
Add a new tag
Caveats
  • Supply blocks, unpowered buildings, or Contaminate may cause inaccurate times.
  • Supply counts are checked every 10 seconds.